AoeStats
← polom.s1989

African Clearing

510550544Analyzed
4v4 RM · 20h ago on Oct 1, 2026· 28m 38s· 8 players
Game mode
Random Map
Map size
Large (8 player)
Population
200
Speed
Normal
Resources
Standard
Victory
Conquest
Starting age
Dark Age
Ending age
Imperial Age
RankedLock teamsTeams togetherTeam positionsShared explorationLock speedFull tech treeHidden civsTurbo modeCheats
Victory
Defeat
🇨🇳 Maya · China
1587
+13
🇨🇳 Mongols · China
1534
+15
🇨🇳 Spanish · China
1533
+15
🇭🇰 Vietnamese · Hong Kong SAR China
1481
+17
🇨🇿 Dravidians · Czechia
1537
-16
🇫🇷 Franks · France
1527
-16
🇭🇰 Spanish · Hong Kong SAR China
1507
-15
🇪🇨 Persians · Ecuador
1468
-13
polom.s1989
3:52 Loom
13:48 Feudal Age
20:52 Castle Age
19:17 Double-Bit Axe
19:28 Fletching
21:57 Gambesons
21:32 Pikeman
23:11 Wheelbarrow
[ECU] QUITUS
11:30 Feudal Age
12:18 Loom
14:11 Forging
21:20 Castle Age
19:37 Double-Bit Axe
19:38 Horse Collar
20:40 Bloodlines
25:08 Scale Barding Armor
26:08 Gold Mining
berber.sinan
13:35 Feudal Age
11:59 Loom
13:46 Feudal Age
15:40 Double-Bit Axe
18:16 Castle Age
16:52 Gold Mining
18:39 Scale Barding Armor
19:43 Bow Saw
24:48 Wheelbarrow
漂泊者
10:27 Loom
13:31 Feudal Age
14:44 Town Watch
17:45 Castle Age
15:35 Double-Bit Axe
16:21 Gold Mining
16:27 Gold Mining
19:16 Wheelbarrow
大平果是小菜鸡父亲
6:16 Loom
12:17 Feudal Age
13:04 Double-Bit Axe
15:44 Fletching
23:20 Castle Age
21:46 Horse Collar
22:44 Gold Mining
23:23 Crossbowman
24:28 Bodkin Arrow
26:19 Ballistics
26:55 Padded Archer Armor
28:24 Heavy Plow
28:29 Town Watch
钢铁兽
15:42 Feudal Age
13:58 Loom
21:00 Castle Age
19:44 Double-Bit Axe
20:34 Fletching
20:54 Town Watch
22:17 Bow Saw
中药人
13:22 Feudal Age
11:54 Loom
18:22 Castle Age
16:42 Double-Bit Axe
17:21 Horse Collar
17:35 Gold Mining
24:22 Padded Archer Armor
28:24 Wheelbarrow
29:17 Bloodlines
星际小菜
5:44 Loom
11:48 Feudal Age
12:06 Feudal Age
13:06 Double-Bit Axe
19:13 Castle Age
18:25 Horse Collar
27:20 Heavy Plow
28:01 Wheelbarrow
28:02 Gold Mining
28:30 Bow Saw
28:31 Husbandry
28:41 Bloodlines
Connection lost

Rejoining the realm…

Still unreachable

The connection could not be restored.

Session expired

The server has moved on; the page needs a fresh start.